 Dungeon Crawl Stone Soup version 0.29-a0-284-gf9362112df (webtiles) character file.

Game seed: 13234797849803794374

44 mistaj the Skirmisher (level 3, -6/29 HPs)
             Began as a Demonspawn Fighter on Mar 22, 2022.
             Mangled by Terence
             ... wielding a +0 flail
              (10 damage)
             ... on level 2 of the Dungeon.
             The game lasted 00:02:11 (1598 turns).

mistaj the Skirmisher (Demonspawn Fighter)          Turns: 1598, Time: 00:02:12

Health: -6/29      AC:  6    Str: 18    XL:     3   Next: 41%
Magic:  3/3        EV: 13    Int: 11    God:
Gold:   34         SH:  4    Dex: 12    Spells: 2/2 levels left

rFire   . . .      SeeInvis .   a - +0 war axe
rCold   . . .      Faith    .   c - +0 buckler
rNeg    . . .      Spirit   .   b - +0 scale mail
rPois   .          Reflect  .   (no helmet)
rElec   .          Harm     .   (no cloak)
rCorr   .          Rampage  .   (no gloves)
Will    +....                   (no boots)
Stlth   ..........              (no amulet)
HPRegen 0.09/turn               g - ring of willpower
MPRegen 0.08/turn               j - +4 ring of evasion

@: no status effects
A: big brain 1
a: no special abilities


You were on level 2 of the Dungeon.
You visited 1 branch of the dungeon, and saw 2 of its levels.

You collected 34 gold pieces.

Inventory:

Hand Weapons
 a - a +0 war axe (weapon)
Missiles
 h - 5 poisoned darts (quivered)
Armour
 b - a +0 scale mail (worn)
 c - a +0 buckler (worn)
Jewellery
 g - a ring of willpower (left hand)
 j - a +4 ring of evasion (right hand)
Scrolls
 f - a scroll of identify {unknown}
 l - a scroll of fear {unknown}
Potions
 d - a potion of might
 e - a potion of haste {unknown}
 i - 2 potions of curing {unknown}
 k - 2 potions of invisibility {unknown}


   Skills:
 + Level 3.3 Fighting
 * Level 2.8 Axes
 - Level 2.6 Armour
 + Level 3.1 Shields


You had 2 spell levels left.
You didn't know any spells.
Your spell library was empty.

Dungeon Overview and Level Annotations

Branches:
Dungeon (2/15)

Altars:

Annotations:
D:2 Terence


Innate Abilities, Weirdness & Mutations

You have an unusually large brain. (Int +2)


Message History

You see here a +0 robe.
You slash the dart slug!
The dart slug is almost dead.
You block the dart slug's attack.
You barely miss the dart slug.
The dart slug is almost dead.
You hit the dart slug.
You kill the dart slug!
No target in view!
No target in view!
There is a stone staircase leading up here.
There is an escape hatch in the floor here.
There is an escape hatch in the floor here.
There is a stone staircase leading up here.
You see here a +0 robe.
Terence the Incautious comes into view.
He is wielding a +0 flail.
Terence shouts!
Terence shouts, "Now you die!"
Terence screams, "I'm going to kill you!"
Terence hits you with a +0 flail.
You barely miss Terence. Terence hits you but does no damage.
Terence closely misses you.
You barely miss Terence. Terence hits you with a +0 flail.
You closely miss Terence. Terence misses you. Terence barely misses you.
You barely miss Terence. Terence barely misses you.
You hit Terence but do no damage. Terence closely misses you.
You hit Terence.
Terence is moderately wounded.
Terence hits you with a +0 flail! Terence hits you with a +0 flail.
You closely miss Terence.
Terence is moderately wounded.
Terence hits you with a +0 flail!
* * * LOW HITPOINT WARNING * * *
You barely miss Terence.
Terence is moderately wounded.
You block Terence's attack. Terence attacks as you move away!
You block Terence's attack. Terence attacks as you move away!
Terence closely misses you. Terence attacks as you move away!
Terence hits you with a +0 flail!
You die...

. ...
.....#########
#.........@@.#
#.##########.#
#....#.#
#.##.#.#
#.#..#.#
#.#..#.#
#.#..#.#
#.##.#[#
#.>.<..#


You could see Terence.

Vanquished Creatures
  2 dart slugs
  3 ball pythons (D:1)
  2 bats (D:1)
  8 endoplasms (D:1)
  2 goblins (D:1)
  2 hobgoblins (D:1)
  6 jackals (D:1)
  3 kobolds (D:1)
  6 frilled lizards (D:1)
  A rat (D:1)
35 creatures vanquished.

Vanquished Creatures (others)
  A fungus (D:1)
  2 plants (D:1)
3 creatures vanquished.

Grand Total: 38 creatures vanquished

Notes
Turn   | Place    | Note
-------+----------+-------------------------------------------
     0 | D:1      | mistaj the Demonspawn Fighter began the quest for the Orb.
     0 | D:1      | Reached XP level 1. HP: 18/18 MP: 1/1
   179 | D:1      | Gained mutation: You have an unusually large brain. (Int
                  | +2) [demonic ancestry]
   179 | D:1      | Reached XP level 2. HP: 12/24 MP: 2/2
   573 | D:1      | Found a faded altar of an unknown god.
   896 | D:1      | Reached XP level 3. HP: 29/29 MP: 3/3
  1582 | D:2      | Noticed Terence
  1598 | D:2      | Mangled by Terence

Illustrated notes

Levels and vault maps discovered:
D:1:      dpeg_arrival_rhombi, layout_basic, shapermc_ecumenical_altar_gd,
          minmay_lizard_pond
D:2:      layout_basic, uniq_terence, uniq_robin

Skill      XL: |  1  2 |
---------------+-------+-----
Axes           | 2 |  2.8
Shields        | 3 |  3.1
Fighting       | |  3.3
Armour         | |  2.6

Action                   || total
-------------------------++-------
Melee: War axe           ||    86
Armor: Scale mail        ||    28
Dodge: Dodged            ||    38
Block: Buckler           ||    19

Table legend: (Time is in decaauts)
 A = Elapsed time spent in this place.
 B = Non-inter-level travel time spent in this place.
 C = Inter-level travel time spent in this place.
 D = Time resting spent in this place.
 E = Time spent auto-exploring this place.
 F = Levels seen in this place.
 G = Mean time per level.
                   A        B        C        D        E       F      G
               +--------+--------+--------+--------+--------+-----+--------+
         Total |   1633 |   1617 |     16 |    398 |    859 |   2 |  816.5 |
       Dungeon |   1633 |   1617 |     16 |    398 |    859 |   2 |  816.5 |
               +--------+--------+--------+--------+--------+-----+--------+

Top non-repeatable levels by time:
     D:1: 1589 daAuts
     D:2: 44 daAuts
